 Dungeon Crawl Stone Soup version 0.29-a0-356-g7bc237e783 (webtiles) character file.

Game seed: 11970680750646267125

4 spaghetti the Skirmisher (level 1, 0/18 HPs)
             Began as a Demonspawn Chaos Knight on Apr 26, 2022.
             Was a Plaything of Xom.
             Succumbed to a goblin's poison
             ... on level 1 of the Dungeon.
             The game lasted 00:00:31 (252 turns).

spaghetti the Skirmisher (Demonspawn Chaos Knight)   Turns: 252, Time: 00:00:32

Health: 0/18       AC:  5    Str: 12    XL:     1   Next: 50%
Magic:  1/1        EV: 11    Int: 13    God:    Xom [.*....]
Gold:   19         SH:  0    Dex: 12    Spells: 0/0 levels left

rFire   . . .      SeeInvis .   a - +0 falchion (chaos) {long}
rCold   . . .      Faith    .   (no shield)
rNeg    . . .      Spirit   .   b - +2 leather armour
rPois   .          Reflect  .   (no helmet)
rElec   .          Harm     .   (no cloak)
rCorr   .          Rampage  .   (no gloves)
Will    .....                   (no boots)
Stlth   +.........              (no amulet)
HPRegen 0.06/turn               (no ring)
MPRegen 0.07/turn               (no ring)

@: lethally poisoned (0 -> -37)
A: no striking features
a: Renounce Religion


You were on level 1 of the Dungeon.
You worshipped Xom.
You were a plaything of Xom.
You visited 1 branch of the dungeon, and saw 1 of its levels.

You collected 19 gold pieces.


   Skills:
 - Level 3.0 Fighting
 + Level 3.0 Long Blades
 - Level 1.7 Armour
 - Level 0.8 Dodging


You couldn't memorise any spells.
You didn't know any spells.
Your spell library was empty.

Inventory:

Hand Weapons
 a - a +0 falchion of chaos (weapon) {long}
Armour
 b - a +2 leather armour (worn)
Scrolls
 e - 2 scrolls of teleportation {unknown}
Potions
 d - 2 potions of curing {unknown}
 f - a potion of attraction {unknown}
Miscellaneous
 c - a piece from Xom's chessboard (12/15) (quivered)

Dungeon Overview and Level Annotations

Branches:
Dungeon (1/15)

Altars:

##.###.###....
#....#.##.....
#########..#.#.#....##
.............#.#...##
######.......#.#....##
#...#......#.#.##.....
#..........#.#..##....
#.###......#.#...##...
#@#..#)#.#.#..####
#g#..#.#.#.#......
#.#..#.#.....#.###
..#..#.###.###.#
..#..#.#.#.# #.#
#..#....#...# #.#
........>.#####.#
#..)....#.......#
....##.##..######


You could see a goblin (paralysed, misshapen).


Message History

A frilled lizard comes into view.
You see here 5 gold pieces.
A frilled lizard is nearby!
A frilled lizard is nearby!
The frilled lizard hisses angrily.
A ball python comes into view.
The ball python hisses angrily.
Xom grants you a minor favour.
You feel better.
You are now a plaything of Xom.
Unknown command.
Unknown command.
The frilled lizard bites you. 😕 HP[-1]
You take 1 damage, and now have 17/18 hp.
You are too injured to fight recklessly!
You are too injured to fight recklessly!
You are too injured to fight recklessly!
You are too injured to fight recklessly!
You are too injured to fight recklessly!
You are too injured to fight recklessly!
You are too injured to fight recklessly!
You are too injured to fight recklessly!
You are too injured to fight recklessly!
You are too injured to fight recklessly!
You are too injured to fight recklessly!
You are too injured to fight recklessly!
You are too injured to fight recklessly!
You are too injured to fight recklessly!
Unknown command.
You barely miss the frilled lizard. The frilled lizard barely misses you.
You barely miss the frilled lizard. The frilled lizard closely misses you.
You hit the frilled lizard. You freeze the frilled lizard.
You kill the frilled lizard!
The ball python closely misses you. The ball python barely misses you.
The ball python bites you but does no damage.
The ball python misses you. The ball python misses you.
The ball python grabs you. The ball python constricts you.
You see here a frilled lizard corpse.
You hit the ball python.
The ball python bites you but does no damage.
The ball python constricts you. 😕 HP[-1]
You take 1 damage, and now have 16/18 hp.
You slash the ball python!
You kill the ball python!
Your Long Blades skill increases to level 3!
You see here a ball python corpse. 😕 HP[+1]
You now have 19 gold pieces (gained 5).
Key pressed, stopping explore.
d - 2 viscous cyan potions (gained 1)
You open the door.
Key pressed, stopping explore.
There is an open door here.
Key pressed, stopping explore.
A goblin comes into view. It is wielding a +1 dagger of venom.
The goblin shouts! 😎 HP[+1]
Your hp is fully restored (18).
The goblin barely misses you.
You hit the goblin but do no damage.
The goblin seems to speed up.
Xom is highly amused!
The goblin closely misses you.
Unknown command.
You hit the goblin but do no damage. The goblin hits you but does no damage.
You are poisoned.
The goblin hits you with a +1 dagger of venom.
You are lethally poisoned! 😕 HP[-1]
You take 1 damage, and now have 17/18 hp.
Non-targeted evoke: piece from Xom's chessboard (15/15)
Press: ? - help, Q - select action Dir - look around, f - activate You make a move on Xom's chessboard...
The goblin twists and deforms.
You feel very sick. The goblin closely misses you. 😮 HP[-5]
You take 5 damage, and now have 12/18 hp.
MASSIVE DAMAGE!! (PAUSE) Non-targeted evoke: piece from Xom's chessboard (14/15)
Press: ? - help, Q - select action Dir - look around, f - activate You make a move on Xom's chessboard...
The goblin is moving more slowly.
* * * LOW HITPOINT WARNING * * *
You feel very sick.
The goblin hits you with a +1 dagger of venom.
* * * LOW HITPOINT WARNING * * *
You are more poisoned.
The goblin hits you but does no damage.
You are more poisoned. 😨 HP[-4]
You take 4 damage, and now have 8/18 hp.
MASSIVE DAMAGE!! (PAUSE) Non-targeted evoke: piece from Xom's chessboard (13/15)
Press: ? - help, Q - select action Dir - look around, f - activate You make a move on Xom's chessboard...
The goblin suddenly stops moving!
You die...
Xom howls with laughter!

Skill      XL: |  1 |
---------------+----+-----
Long Blades    | 3 |  3.0
Fighting       | |  3.0
Armour         | |  1.7
Dodging        | |  0.8

Action                   || total
-------------------------++-------
Melee: Falchion          ||     9
Evoke: Piece from Xom's  ||     3
Armor: Leather armour    ||     4
Dodge: Dodged            ||    10

Levels and vault maps discovered:
D:1:      sevenhm_arrival_forest_fort_small_3, layout_basic, nrook_uturn

Notes
Turn   | Place    | Note
-------+----------+-------------------------------------------
     0 | D:1      | spaghetti the Demonspawn Chaos Knight began the quest for
                  | the Orb.
     0 | D:1      | Reached XP level 1. HP: 18/18 MP: 1/1
     0 | D:1      | magus.rc [v1.9.6]
    21 | D:1      | XOM: silly message
   140 | D:1      | XOM: potion effect (curing)
   148 | D:1      | Reached skill level 3 in Long Blades
   252 | D:1      | Succumbed to a goblin's poison

Vanquished Creatures
  A ball python (D:1)
  An endoplasm (D:1)
  A frilled lizard (D:1)
  A kobold (D:1)
4 creatures vanquished.

Table legend:
 A = Non-vault XP
 B = Vault XP
 C = Vault XP percentage of total XP
 D = Non-vault monster count
 E = Vault monster count
 F = Vault count percentage of total count
                 A         B        C        D         E       F
            +---------+---------+-------+---------+---------+-------
      Total |       6 |       0 |   0.0 |       4 |       0 |   0.0
            +---------+---------+-------+---------+---------+-------
        D:1 |       6 |       0 |   0.0 |       4 |       0 |   0.0
            +---------+---------+-------+---------+---------+-------

Illustrated notes

Table legend:
 A = Kills in this place as a percentage of kills in entire the game.
 B = Kills by you in this place as a percentage of kills by you in the entire game.
 C = Kills by friends in this place as a percentage of kills by friends in the entire game.
 D = Other kills in this place as a percentage of other kills in the entire game.
 E = Experience gained in this place as a percentage of experience gained in the entire game.
 F = Experience gained in this place divided by the number of levels of this place that you have seen.
                   A       B       C       D       E      F
               +-------+-------+-------+-------+-------+----------------------
         Total | 100.0 | 100.0 |   N/A |   N/A | 100.0 |   6.0
       Dungeon | 100.0 | 100.0 |   N/A |   N/A | 100.0 |   6.0
               +-------+-------+-------+-------+-------+----------------------

Table legend: (Time is in decaauts)
 A = Elapsed time spent in this place.
 B = Non-inter-level travel time spent in this place.
 C = Inter-level travel time spent in this place.
 D = Time resting spent in this place.
 E = Time spent auto-exploring this place.
 F = Levels seen in this place.
 G = Mean time per level.
                   A        B        C        D        E       F      G
               +--------+--------+--------+--------+--------+-----+--------+
         Total |    253 |    253 |      0 |      0 |    212 |   1 |  253.0 |
       Dungeon |    253 |    253 |      0 |      0 |    212 |   1 |  253.0 |
               +--------+--------+--------+--------+--------+-----+--------+

Top non-repeatable levels by time:
     D:1: 253 daAuts
